 Dungeon Crawl Stone Soup version 0.30-a0-913-g9934a0ce24 (webtiles) character file.

Game seed: 17720920494523999754

591 bande the Chopper (level 7, -4/44 HPs)
             Began as a Gargoyle Fighter on Mar 20, 2023.
             Slain by a scorpion (6 damage)
             ... on level 5 of the Dungeon.
             The game lasted 00:06:25 (4217 turns).

bande the Chopper (Gargoyle Fighter)                Turns: 4217, Time: 00:06:25

Health: -4/44      AC: 16    Str: 19    XL:     7   Next: 39%
Magic:  7/7        EV:  7    Int:  9    God:
Gold:   208        SH:  5    Dex: 17    Spells: 6/6 levels left

rFire   . . .      SeeInvis .    a - +0 war axe
rCold   . . .      Faith    .    c - +0 buckler
rNeg    + . .      Spirit   .    m - +0 chain mail
rPois   ∞          Reflect  .    (no helmet)
rElec   +          Rampage  .    t - +0 cloak
rCorr   .                        (no gloves)
Will    .....                    r - +0 pair of boots Stlth
                                 (no amulet)
HPRegen 0.27/turn                b - +6 ring of dexterity
MPRegen 0.10/turn                (no ring)

@: no status effects
A: sickness immunity, AC +4, negative energy resistance 1, electricity
resistance, torment resistance 1, petrification resistance
a: no special abilities


You were on level 5 of the Dungeon.
You visited 1 branch of the dungeon, and saw 5 of its levels.

You collected 208 gold pieces.

Inventory:

Hand Weapons
 a - a +0 war axe (weapon)
 g - a +0 flail
Armour
 c - a +0 buckler (worn)
 m - a +0 chain mail (worn)
 r - a +0 pair of boots (worn)
 t - a +0 cloak (worn)
Jewellery
 b - a +6 ring of dexterity (left hand)
 n - an amulet of magic regeneration
Wands
 l - a wand of flame (27)
 o - a wand of roots (11)
Scrolls
 h - 2 scrolls of teleportation
 k - a scroll of poison
 s - a scroll of identify
Potions
 d - 2 potions of might
 e - a potion of mutation
 f - 2 potions of degeneration {unknown}
 i - 3 potions of invisibility {unknown}
 j - a potion of attraction {unknown}
 p - a potion of haste {unknown}
 q - 2 potions of curing {unknown}


   Skills:
 + Level 4.3 Fighting
 + Level 5.0 Axes
 + Level 4.6 Armour
 - Level 0.3 Stealth
 + Level 4.0 Shields
 * Level 2.8 Evocations


You had 6 spell levels left.
You didn't know any spells.
Your spell library contained the following spells:

 Spells                   Type           Power      Damage    Failure   Level
 Beastly Appendage        Tmut           0%         N/A       99%         1
 Static Discharge         Conj/Air       0%         2-2/arc   100%        2
 Wereblood                Tmut           0%         N/A       100%        2
 Spider Form              Tmut/Pois      0%         N/A       100%        3
 Vhi's Electric Charge    Tloc/Air       0%         N/A       100%        3
 Arcjolt                  Conj/Air       0%         1d10      100%        5
 Plasma Beam              Fire/Air       0%         2x1d11    100%        5


Dungeon Overview and Level Annotations

Branches:
Dungeon (5/15)
 Temple: D:4-7

Altars:
Ashenzari
Dithmenos
Qazlal
Xom

Shops:
D:2 =   D:4 ?


Innate Abilities, Weirdness & Mutations

You are immune to sickness and miasma.
Your stone body is resilient. (AC +4)
You are immune to poison.
You resist negative energy. (rN+)
You are resistant to electric shocks. (rElec)
You are resistant to unholy torment.
You are immune to petrification.


Message History

You hit the orc priest.
The orc priest is moderately wounded.
You block the orc priest's attack.
You hit the orc priest but do no damage.
The orc priest is moderately wounded.
A white imp comes into view.
You block the orc priest's attack.
The orc priest hits you but does no damage.
The white imp moves out of view.
You hit the orc priest.
The orc priest is severely wounded.
You block the orc priest's attack.
The white imp shouts!
You hit the orc priest but do no damage.
The orc priest is severely wounded.
A scorpion comes into view.
You block the orc priest's attack.
You hit the orc priest.
You kill the orc priest!
Your Axes skill increases to level 5!
Items here: ! )) [ †.
Things that are here:
a +0 whip; a hound corpse; an orc corpse You block the scorpion's attack.
The scorpion attacks as you move away!
The scorpion stings you but does no damage.
You block the scorpion's attack. The scorpion attacks as you move away!
You block the scorpion's attack. The scorpion attacks as you move away!
The scorpion stings you but does no damage.
You block the scorpion's attack. The scorpion attacks as you move away!
The scorpion closely misses you.
You hit the scorpion but do no damage. The scorpion stings you.
* * * LOW HITPOINT WARNING * * *
The scorpion stings you but does no damage.
You hit the scorpion but do no damage. The scorpion stings you.
* * * LOW HITPOINT WARNING * * *
You hit the scorpion but do no damage. You block the scorpion's attack. x2
You closely miss the scorpion. The scorpion stings you.
You die...

...#.###.#.P.#.#.#
#.# . ..
#.#.P.#.#.# #.#
#.. #...P.....#
#.# #. #.#...#.###
#.#
#..#.###.#...#.#
#.#
........#.≈.#.#
#.#
..#.###5#.≈.#.###
#.# #s#.≈.#... #.#
####@#.≈.#.## #.#
...............###
#.#
..#.###.#...#....#
#.# #.##.##.##.#
#.#
#.#..##.##.####.#
#.......##......#
#.#############.#
#.# #.#
###.###.##### #.#


You could see a scorpion and a white imp.

Vanquished Creatures
  A black bear (D:4)
  A scorpion (D:5)
  A hound (D:5)
  3 orc priests
  Jessica (D:3)
  4 orc wizards
  Terence (D:2)
  2 river rats (D:3)
  5 adders
  A worm (D:4)
  4 dart slugs
  14 orcs
  6 ball pythons
  5 endoplasms
  6 giant cockroaches
  11 goblins
  6 hobgoblins
  3 quokkas
  A bat (D:1)
  6 frilled lizards
  8 kobolds
  9 rats
99 creatures vanquished.

Notes
Turn   | Place    | Note
-------+----------+-------------------------------------------
     0 | D:1      | bande the Gargoyle Fighter began the quest for the Orb.
     0 | D:1      | Reached XP level 1. HP: 14/14 MP: 1/1
   299 | D:1      | Reached XP level 2. HP: 19/19 MP: 2/2
   456 | D:1      | Reached skill level 2 in Axes
   933 | D:2      | Noticed Terence
   941 | D:2      | Killed Terence
   942 | D:2      | Reached XP level 3. HP: 15/23 MP: 3/3
  1139 | D:2      | Reached XP level 4. HP: 27/28 MP: 4/4
  1339 | D:2      | Found Suteitt's Jewellery Shoppe.
  1887 | D:3      | Noticed Jessica
  1894 | D:3      | Killed Jessica
  1895 | D:3      | Reached skill level 3 in Axes
  1895 | D:3      | Reached skill level 1 in Evocations
  1982 | D:3      | Reached XP level 5. HP: 32/33 MP: 5/5
  2447 | D:3      | Found a broken altar of Ashenzari.
  2983 | D:4      | Noticed a black bear
  2995 | D:4      | Killed a black bear
  2996 | D:4      | Reached skill level 4 in Axes
  2996 | D:4      | Reached XP level 6. HP: 23/38 MP: 6/6
  3083 | D:4      | Found Bydodgh's Magic Scroll Boutique.
  3427 | D:4      | Reached XP level 7. HP: 27/43 MP: 7/7
  3884 | D:4      | Found a shimmering altar of Xom.
  3885 | D:4      | Found a shadowy altar of Dithmenos.
  4087 | D:5      | Entered Level 5 of the Dungeon
  4179 | D:5      | Found a stormy altar of Qazlal.
  4202 | D:5      | Reached skill level 5 in Axes
  4215 | D:5      | HP: 1/44 [scorpion (6)]
  4217 | D:5      | Slain by a scorpion

Illustrated notes

Levels and vault maps discovered:
D:1:      minmay_arrival_open_corners, layout_basic
D:2:      layout_basic, serial_shops, nicolae_shop_hallway_plus,
          minmay_surrounded, uniq_terence
D:3:      layout_loops_ring, mainiacjoe_overflow_24_doors,
          lightli_sewer_entry_pipes, uniq_jessica
D:4:      layout_basic, nicolae_overflow_hidden_temple, serial_shops,
          shop_fountains, chequers_serial_rivers_micro_a,
          nicolae_nh_ransacked_shop
D:5:      layout_basic, mainiacjoe_overflow_boulevard,
          nicolae_vehumet_altar_sigil, nrook_mini_vaults

Skill      XL: |  1  2  3  4  5  6  7 |
---------------+----------------------+-----
Axes           | 2 3 4 5 |  5.0
Armour         | 4 |  4.6
Evocations     | 1 2 |  2.8
Fighting       | 4 |  4.3
Shields        | 4 |  4.0
Stealth        | |  0.3

Action                     |  1- 3 |  4- 6 |  7- 9 || total
---------------------------+-------+-------+-------++-------
  Melee: War axe           |    76 |   189 |    47 ||   312
    Use: Scroll            |       |     6 |       ||     6
 Armour: Scale mail        |    44 |       |       ||    44
         Chain mail        |     1 |   123 |    48 ||   172
  Dodge: Dodged            |    27 |    73 |    20 ||   120
  Block: Buckler           |    17 |    45 |    19 ||    81

Table legend: (Time is in decaauts)
 A = Elapsed time spent in this place.
 B = Non-inter-level travel time spent in this place.
 C = Inter-level travel time spent in this place.
 D = Time resting spent in this place.
 E = Time spent auto-exploring this place.
 F = Levels seen in this place.
 G = Mean time per level.
                   A        B        C        D        E       F      G
               +--------+--------+--------+--------+--------+-----+--------+
         Total |   4378 |   4144 |    234 |     51 |   3211 |   5 |  875.6 |
       Dungeon |   4378 |   4144 |    234 |     51 |   3211 |   5 |  875.6 |
               +--------+--------+--------+--------+--------+-----+--------+

Top non-repeatable levels by time:
     D:4: 1273 daAuts
     D:3: 1093 daAuts
     D:2: 988 daAuts
     D:1: 887 daAuts
     D:5: 135 daAuts
